 Dungeon Crawl Stone Soup version 0.31-a0-174-g85c54bcb58 (webtiles) character file.

Game seed: 17121067966091511154

3287 qw the Cleaver (level 10, -6/69 HPs)
             Began as a Gargoyle Fighter on June 15, 2023.
             Killed by divine providence
             ... invoked by an orc priest
              (16 damage)
             ... on level 7 of the Dungeon.
             The game lasted 00:04:15 (7678 turns).

qw the Cleaver (Gargoyle Fighter)                   Turns: 7678, Time: 00:04:15

Health: -6/69      AC: 24    Str: 23    XL:     10   Next: 1%
Magic:  10/10      EV:  6    Int: 10    God:
Gold:   300        SH:  4    Dex:  9    Spells: 9/9 levels left

rFire   . . .        Y - +1 war axe
rCold   . . .        c - +0 buckler
rNeg    + . .        p - +0 plate armour
rPois   inf          l - +0 helmet
rElec   +            (no cloak)
rCorr   .            a - +0 pair of gloves
SInv    +            k - +0 pair of boots
Will    .....        (no amulet) Stlth
                     o - ring of see invisible
HPRegen 0.31/turn    (no ring)
MPRegen 0.12/turn

%: no passive effects
@: no status effects
A: sickness immunity, AC +7, negative energy resistance 1, electricity
resistance, torment resistance 1, petrification resistance, robust 1
a: no special abilities


You were on level 7 of the Dungeon.
You visited 1 branch of the dungeon, and saw 7 of its levels.
You also visited: Sewer and Ossuary.

You collected 300 gold pieces.


Innate Abilities, Weirdness & Mutations

You are immune to sickness and miasma.
Your stone body is resilient. (AC +7)
You are immune to poison.
You resist negative energy. (rN+)
You are resistant to electric shocks. (rElec)
You are resistant to unholy torment.
You are immune to petrification.
You are robust. (+10% HP)


   Skills:
 - Level 7.0 Fighting
 - Level 10.3 Axes
 + Level 6.6 Armour
 - Level 1.0 Dodging
 - Level 4.0 Shields


You had 9 spell levels left.
You didn't know any spells.
Your spell library was empty.

Inventory:

Hand Weapons
 f - a +2 heavy flail
 Y - a +1 war axe (weapon)
Armour
 a - a +0 pair of gloves (worn)
 c - a +0 buckler (worn)
 k - a +0 pair of boots (worn)
 l - a +0 helmet (worn)
 p - a +0 plate armour (worn)
Jewellery
 o - a ring of see invisible (left hand)
Scrolls
 m - a scroll of identify
Potions
 b - a potion of resistance
 d - 2 potions of might
 e - a potion of mutation
 g - 6 potions of curing
 h - a potion of cancellation
 i - 2 potions of attraction
 q - a potion of haste {unknown}
 s - a potion of ambrosia {unknown}

Dungeon Overview and Level Annotations

Branches:
Dungeon (7/15)             Temple (0/1) D:7           Sewer (visited)
Ossuary (visited)

Altars:
Vehumet
Zin

Shops:
D:4 :   D:6 *


Message History

The orc priest hits you but does no damage.
The iguana bites you but does no damage.
You hit the iguana but do no damage.
The iguana is lightly wounded.
The centaur shoots an arrow.
You block the arrow. You block the orc priest's attack.
The iguana bites you but does no damage.
You slice the iguana!!
You kill the iguana!
The centaur shoots an arrow.
The arrow hits you but does no damage.
The orc priest looks satisfied for a moment.
Found 7 stones.
The centaur unwields a +0 orcbow.
The centaur hits you but does no damage.
The centaur kicks you but does no damage.
The orc priest calls down the wrath of Beogh upon you.
You struggle to resist.
Enter note:
Enter note: You slash the centaur!
The centaur is severely wounded.
The centaur hits you but does no damage.
The centaur kicks you but does no damage.
The orc priest hits you from afar with a +0 trident.
The centaur hits you but does no damage.
The centaur kicks you but does no damage.
You slash the centaur!
You kill the centaur!
The orc priest hits you but does no damage.
You have reached level 10! 2 gnolls come into view.
The gnoll shouts!
You hear a shout!
The orc priest hits you but does no damage.
Enter note:
Enter note: You slash the orc priest!
The orc priest is almost dead.
The orc priest invokes the aid of Beogh against you.
Beogh smites you!
You die...

..#.###...)#.#####
8....##......#
..........#.#.####
....8.....#.#....#
.......#....)....#
....g..##).(#.....
.\...8 ##%#.# ...
..g...##..#.# .
..g....@....#.....
....8.o#)####.....
............#.....
.8...............
#####[.#.#......###
...#.........(#
..............@#
..(....>........#
.....(...<...#


You could see an orc priest and 2 gnolls.

Vanquished Creatures
  Joseph (D:7)
  Grinder (D:4)
  Eustachio (D:6)
  A water moccasin (D:6)
  Pargi (D:3)
  A sky beast (D:7)
  A black bear (D:6)
  An orc warrior (D:6)
  An ice beast (D:7)
  An ogre (D:6)
  2 phantoms
  A centaur (D:7)
  5 elf zombies (Ossuary)
  2 bullfrogs
  Blork the orc (D:4)
  4 scorpions
  3 howler monkeys
  3 centaur zombies (Ossuary)
  2 jellies (D:6)
  2 hounds
  An orc priest (D:4)
  4 human zombies (Ossuary)
  A gnoll bouda (D:6)
  4 iguanas
  4 orc wizards (D:6)
  3 mummies (Ossuary)
  5 gnolls
  9 adders
  2 river rats (D:6)
  A shadow imp (D:4)
  2 white imps (D:5)
  2 ufetubi (D:5)
  3 worms
  6 dart slugs
  21 orcs
  6 endoplasms
  2 giant cockroaches
  10 goblins
  4 hobgoblins
  3 jackals (D:3)
  6 quokkas
  8 ball pythons
  4 bats
  7 frilled lizards
  A goblin zombie (D:4)
  5 kobolds
  7 rats
  A rat zombie (D:4)
167 creatures vanquished.

Notes
Turn   | Place    | Note
-------+----------+-------------------------------------------
     0 | D:1      | qw the Gargoyle Fighter began the quest for the Orb.
     0 | D:1      | Reached XP level 1. HP: 14/14 MP: 1/1
     0 | D:1      | 0 ||| qw: Version: 0.2-a-29-g511e9b1
     0 | D:1      | 0 ||| qw: Game counter: 5419
     0 | D:1      | 0 ||| qw: Always use a shield: true
     0 | D:1      | 0 ||| qw: God list: Okawaru
     0 | D:1      | 0 ||| qw: Allow faded altars: false
     0 | D:1      | 0 ||| qw: Do Orc after D:15 true
     0 | D:1      | 0 ||| qw: Do second Lair branch before Depths: true
     0 | D:1      | 0 ||| qw: Lair rune preference: random
     0 | D:1      | 0 ||| qw: Plans: Normal, Zot:1-4, Slime:5, God:TSO, Crypt,
                  | Tomb, Abyss, Pan, Hells, Win
     0 | D:1      | 0 ||| PLANNING D:1-11
    37 | D:1      | Reached skill level 2 in Axes
   101 | D:1      | Reached XP level 2. HP: 17/19 MP: 2/2
   147 | D:1      | Reached skill level 3 in Axes
   321 | D:1      | Reached XP level 3. HP: 23/23 MP: 3/3
   940 | D:1      | 940 ||| UPGRADING to +0 pair of boots.
   945 | D:1      | 945 ||| READING scroll labelled FACWOZXARU.
   946 | D:1      | 946 ||| READING scroll labelled KEDOUSCH HILIN.
   949 | D:1      | 949 ||| DRINKING 2 sedimented cyan potions.
   949 | D:1      | Gained mutation: You are agile. (Dex +4, Str/Int -1)
                  | [potion of mutation]
   949 | D:1      | Lost mutation: You are agile. (Dex +4, Str/Int -1) [potion
                  | of mutation]
   949 | D:1      | Gained mutation: You are robust. (+10% HP) [potion of
                  | mutation]
  1060 | D:2      | 1060 ||| Stepping ~*~*~tactically~*~*~ (hiding).
  1062 | D:2      | 1062 ||| Stepping ~*~*~tactically~*~*~ (hiding).
  1193 | D:2      | 1193 ||| Stepping ~*~*~tactically~*~*~ (stealth).
  1202 | D:2      | Reached XP level 4. HP: 30/30 MP: 4/4
  1355 | D:2      | Reached skill level 4 in Axes
  1441 | D:2      | 1441 ||| Stepping ~*~*~tactically~*~*~ (stealth).
  1460 | D:2      | Found a faded altar of an unknown god.
  1499 | D:2      | 1499 ||| Stepping ~*~*~tactically~*~*~ (hiding).
  2055 | D:2      | 2055 ||| Stepping ~*~*~tactically~*~*~ (stealth).
  2200 | D:2      | 2200 ||| UPGRADING to +0 helmet.
  2205 | D:2      | 2205 ||| READING scroll labelled TILOOPN OLUUDA.
  2206 | D:2      | 2206 ||| READING scroll labelled JUISAO HUINOS.
  2207 | D:2      | 2207 ||| READING scroll labelled DEOJUS FOUK RAS.
  2208 | D:2      | 2208 ||| DRINKING 2 inky potions.
  2209 | D:2      | 2209 ||| DRINKING 3 lumpy green potions.
  2395 | D:3      | Noticed Pargi
  2406 | D:3      | HP: 7/30 [Pargi (6)]
  2407 | D:3      | 2407 ||| READING scroll of teleportation.
  2566 | D:3      | Killed Pargi
  2567 | D:3      | Reached skill level 5 in Axes
  2567 | D:3      | Reached XP level 5. HP: 20/35 MP: 5/5
  2678 | D:3      | Identified the +4 battleaxe of Kenenyni {flame, rElec rF+}
  2966 | D:3      | 2966 ||| UPGRADING to +0 plate armour.
  2976 | D:3      | 2976 ||| DROPPING +0 scale mail.
  2977 | D:3      | 2977 ||| READING scroll labelled CANUIC IRAI.
  2978 | D:3      | 2978 ||| READING scroll labelled NEGENK CAICSIO.
  2979 | D:3      | 2979 ||| READING scroll labelled SAESIQI UHIBAB.
  2993 | D:3      | 2993 ||| Stepping ~*~*~tactically~*~*~ (stealth).
  2995 | D:3      | 2995 ||| Stepping ~*~*~tactically~*~*~ (hiding).
  2997 | D:3      | 2997 ||| Stepping ~*~*~tactically~*~*~ (hiding).
  3129 | D:4      | 3129 ||| PLANNING OSSUARY
  3129 | D:4      | 3129 ||| Stepping ~*~*~tactically~*~*~ (hiding).
  3139 | D:4      | Reached XP level 6. HP: 39/41 MP: 6/6
  3182 | D:4      | Noticed Blork the orc
  3183 | D:4      | 3183 ||| Stepping ~*~*~tactically~*~*~ (hiding).
  3191 | D:4      | Killed Blork the orc
  3226 | D:4      | 3226 ||| Stepping ~*~*~tactically~*~*~ (stealth).
  3227 | D:4      | 3227 ||| Stepping ~*~*~tactically~*~*~ (stealth).
  3234 | D:4      | 3234 ||| DROPPING +0 whip.
  3240 | D:4      | 3240 ||| Stepping ~*~*~tactically~*~*~ (stealth).
  3243 | D:4      | 3243 ||| Stepping ~*~*~tactically~*~*~ (stealth).
  3244 | D:4      | 3244 ||| Stepping ~*~*~tactically~*~*~ (stealth).
  3245 | D:4      | 3245 ||| Stepping ~*~*~tactically~*~*~ (stealth).
  3427 | D:4      | Found a sand-covered staircase.
  3429 | D:4      | 3429 ||| Stepping ~*~*~tactically~*~*~ (stealth).
  3442 | D:4      | Reached skill level 6 in Axes
  3445 | D:4      | 3445 ||| DRINKING 2 green potions.
  3550 | D:4      | 3550 ||| DROPPING potion of berserk rage.
  3559 | D:4      | 3559 ||| READING scroll labelled GOANIY NIOROP.
  3561 | Ossuary  | Entered an ossuary
  3595 | Ossuary  | Reached XP level 7. HP: 37/48 MP: 7/7
  3731 | Ossuary  | Reached skill level 7 in Axes
  3812 | Ossuary  | Reached skill level 1 in Dodging
  3813 | Ossuary  | Reached XP level 8. HP: 52/53 MP: 8/8
  3878 | Ossuary  | 3878 ||| DRINKING 2 viscous clear potions.
  3879 | Ossuary  | 3879 ||| DRINKING 2 fizzy purple potions.
  3880 | Ossuary  | 3880 ||| DRINKING 2 fizzy golden potions.
  3881 | Ossuary  | 3881 ||| DRINKING 2 metallic ruby potions.
  3882 | Ossuary  | 3882 ||| DROPPING potion of brilliance.
  3883 | Ossuary  | 3883 ||| DROPPING potion of enlightenment.
  3893 | D:4      | 3893 ||| PLANNING D:1-11
  3952 | D:4      | Noticed Grinder
  3955 | D:4      | Paralysed by Grinder for 3 turns
  3959 | D:4      | 3959 ||| Stepping ~*~*~tactically~*~*~ (hiding).
  3960 | D:4      | 3960 ||| Stepping ~*~*~tactically~*~*~ (hiding).
  3961 | D:4      | 3961 ||| Stepping ~*~*~tactically~*~*~ (hiding).
  3966 | D:4      | Killed Grinder
  4083 | D:4      | Noticed Eustachio
  4104 | D:4      | 4104 ||| FLEEEEING.
  4221 | D:4      | Found Kicew's Tiny Tomes.
  4364 | D:4      | 4364 ||| Stepping ~*~*~tactically~*~*~ (hiding).
  4365 | D:4      | 4365 ||| Stepping ~*~*~tactically~*~*~ (hiding).
  4366 | D:4      | 4366 ||| Stepping ~*~*~tactically~*~*~ (hiding).
  4664 | D:4      | 4664 ||| READING scroll labelled QONIDUDONIW.
  4691 | D:5      | Entered Level 5 of the Dungeon
  4696 | D:5      | 4696 ||| STAIRDANCE
  4716 | D:4      | Reached skill level 8 in Axes
  4931 | D:5      | Found a glowing silver altar of Zin.
  4943 | D:5      | Found a radiant altar of Vehumet.
  5022 | D:5      | Reached skill level 6 in Fighting
  5179 | D:5      | 5179 ||| DROPPING +0 mace.
  5406 | D:5      | 5406 ||| UPGRADING to ring of see invisible.
  5407 | D:5      | 5407 ||| READING scroll labelled PAFFIC GETTE.
  5408 | D:5      | 5408 ||| READING 3 scrolls of identify.
  5408 | D:5      | 5408 ||| IDENTIFYING bubbling sapphire potion
  5409 | D:5      | 5409 ||| READING 2 scrolls of identify.
  5409 | D:5      | 5409 ||| IDENTIFYING cyan potion
  5410 | D:5      | 5410 ||| DROPPING potion of invisibility.
  5433 | D:6      | 5433 ||| PLANNING SEWER
  5539 | D:6      | 5539 ||| Stepping ~*~*~tactically~*~*~ (stealth).
  5589 | D:6      | Reached XP level 9. HP: 34/60 MP: 9/9
  5782 | D:6      | Found a glowing drain.
  5788 | Sewer    | Entered a sewer
  5846 | D:6      | 5846 ||| PLANNING D:1-11
  5996 | D:6      | Reached skill level 9 in Axes
  6046 | D:6      | 6046 ||| Stepping ~*~*~tactically~*~*~ (stealth).
  6117 | D:6      | 6117 ||| Stepping ~*~*~tactically~*~*~ (hiding).
  6504 | D:6      | 6504 ||| Stepping ~*~*~tactically~*~*~ (stealth).
  6505 | D:6      | 6505 ||| Stepping ~*~*~tactically~*~*~ (stealth).
  6513 | D:6      | Reached skill level 6 in Armour
  6558 | D:6      | 6558 ||| Stepping ~*~*~tactically~*~*~ (stealth).
  6642 | D:6      | Found Nyemmav's CLEARANCE SALE!.
  6718 | D:6      | 6718 ||| UPGRADING to +0 pair of gloves.
  6732 | D:7      | Found a staircase to the Ecumenical Temple.
  6733 | D:7      | 6733 ||| PLANNING TEMPLE
  6749 | D:7      | HP: 14/62 [howler monkey (6)]
  6750 | D:7      | 6750 ||| READING 3 scrolls of teleportation.
  6751 | D:7      | 6751 ||| DRINKING potion of heal wounds.
  6773 | D:7      | 6773 ||| FLEEEEING.
  6774 | D:7      | 6774 ||| STAIRDANCE
  6864 | D:7      | Noticed Joseph
  6865 | D:7      | 6865 ||| STAIRDANCE
  6915 | D:7      | 6915 ||| STAIRDANCE
  6943 | D:7      | 6943 ||| STAIRDANCE
  6946 | D:6      | HP: 13/62 [iguana (8)]
  6947 | D:6      | 6947 ||| READING 2 scrolls of teleportation.
  7203 | D:7      | 7203 ||| STAIRDANCE
  7213 | D:6      | 7213 ||| FLEEEEING.
  7215 | D:6      | 7215 ||| FLEEEEING.
  7216 | D:6      | 7216 ||| FLEEEEING.
  7217 | D:6      | 7217 ||| FLEEEEING.
  7218 | D:6      | 7218 ||| FLEEEEING.
  7224 | D:6      | 7224 ||| FLEEEEING.
  7225 | D:6      | 7225 ||| FLEEEEING.
  7226 | D:6      | 7226 ||| FLEEEEING.
  7227 | D:6      | 7227 ||| FLEEEEING.
  7234 | D:6      | 7234 ||| STAIRDANCE
  7295 | D:6      | Killed Eustachio
  7331 | D:7      | 7331 ||| STAIRDANCE
  7388 | D:7      | 7388 ||| STAIRDANCE
  7454 | D:7      | 7454 ||| STAIRDANCE
  7602 | D:6      | 7602 ||| DROPPING +0 flail.
  7627 | D:7      | HP: 13/62 [Joseph/+0 quarterstaff (8)]
  7628 | D:7      | 7628 ||| READING scroll of teleportation.
  7629 | D:7      | HP: 5/62 [centaur/arrow (9)]
  7652 | D:7      | HP: 8/62 [Joseph/+0 quarterstaff (4)]
  7654 | D:7      | Killed Joseph
  7655 | D:7      | Reached skill level 10 in Axes
  7655 | D:7      | 7655 ||| FLEEEEING.
  7656 | D:7      | 7656 ||| FLEEEEING.
  7658 | D:7      | 7658 ||| Stepping ~*~*~tactically~*~*~ (hiding).
  7659 | D:7      | 7659 ||| Stepping ~*~*~tactically~*~*~ (hiding).
  7660 | D:7      | 7660 ||| FLEEEEING.
  7662 | D:7      | 7662 ||| FLEEEEING.
  7663 | D:7      | 7663 ||| FLEEEEING.
  7664 | D:7      | 7664 ||| FLEEEEING.
  7667 | D:7      | 7667 ||| Stepping ~*~*~tactically~*~*~ (hiding).
  7670 | D:7      | HP: 7/62 [orc priest/nerve-wracking pain (6)]
  7675 | D:7      | HP: 8/62 [orc priest/+0 trident (1)]
  7677 | D:7      | Reached XP level 10. HP: 9/69 MP: 10/10
  7678 | D:7      | Killed from afar by an orc priest

Levels and vault maps discovered:
D:1:      lemuel_arrival_behind_the_door_small, layout_basic,
          hangedman_abyss_or_decor_lesser_grid
D:2:      minmay_spotlight, layout_basic, hellmonk_ecumenical_altar_blasted
D:3:      layout_basic, uniq_pargi
D:4:      layout_basic, enter_ossuary_4, nicolae_shop_i_like_small_books_too,
          grunt_ministairs_13, uniq_eustachio, uniq_grinder, uniq_blork_the_orc
D:5:      layout_basic, mainiacjoe_overflow_catch_the_wave
D:6:      wad_crossroads, layout_basic, gup_sewer_entry_bubbles,
          nicolae_shop_clearance
D:7:      layout_rooms, minmay_temple_entry_proselytizer, enter_bailey_6,
          serial_shops, shop, shop, shop, uniq_joseph

Skill      XL: |  1  2  3  4  5  6  7  8  9 |
---------------+----------------------------+-----
Axes           | 2 3 5 6 7 8 10 | 10.3
Fighting       | 4 5 6 7 |  7.0
Armour         | 4 5 6 |  6.6
Dodging        | 1 |  1.0
Shields        | 4 |  4.0

Action                     |  1- 3 |  4- 6 |  7- 9 | 10-12 || total
---------------------------+-------+-------+-------+-------++-------
  Melee: War axe           |   106 |   201 |   487 |     1 ||   795
    Use: Scroll            |     2 |     8 |     7 |       ||    17
         Potion            |     1 |     3 |     5 |       ||     9
 Armour: Scale mail        |    55 |    92 |       |       ||   147
         Plate armour      |       |    53 |   358 |     1 ||   412
  Dodge: Dodged            |    44 |    94 |   138 |       ||   276
  Block: Buckler           |    26 |    41 |    77 |       ||   144

Table legend:
 A = Non-vault XP
 B = Vault XP
 C = Vault XP percentage of total XP
 D = Non-vault monster count
 E = Vault monster count
 F = Vault count percentage of total count
                 A         B        C        D         E       F
            +---------+---------+-------+---------+---------+-------
      Total |    2441 |    2256 |  48.0 |     125 |      42 |  25.1
            +---------+---------+-------+---------+---------+-------
        D:1 |      56 |       0 |   0.0 |      25 |       0 |   0.0
        D:2 |      76 |       7 |   8.4 |      23 |       4 |  14.8
        D:3 |      29 |     134 |  82.2 |      11 |       1 |   8.3
        D:4 |     296 |     378 |  56.1 |      16 |       6 |  27.3
        D:5 |     346 |       0 |   0.0 |      17 |       0 |   0.0
        D:6 |    1042 |     461 |  30.7 |      25 |      12 |  32.4
        D:7 |     596 |     439 |  42.4 |       8 |       1 |  11.1
      Sewer |       0 |       4 | 100.0 |       0 |       3 | 100.0
    Ossuary |       0 |     833 | 100.0 |       0 |      15 | 100.0
            +---------+---------+-------+---------+---------+-------
